 Dungeon Crawl Stone Soup version 0.24.0-13-gcf9b319 (webtiles) character file.

Game seed: 2157158523968957225, levelgen mode: deterministic

6071 willcat the Thaumaturge (level 10, -18/67 HPs)
             Began as a Mummy Venom Mage on Nov 9, 2019.
             Was an Initiate of Gozag.
             Killed from afar by a fire giant (85 damage)
             ... with a fireball
             ... on level 9 of the Dungeon.
             The game lasted 00:18:39 (13108 turns).

willcat the Thaumaturge (Mummy Venom Mage)         Turns: 13108, Time: 00:18:41

Health: -18/67     AC:  5    Str: 12    XL:     10   Next: 57%
Magic:  32/32      EV: 12    Int: 21    God:    Gozag
Gold:   875        SH:  0    Dex: 12    Spells: 10/28 levels left

rFire    x . .     SeeInvis .   s - +1 short sword (freeze)
rCold    + + .     Gourm    .   (no shield)
rNeg     + + +     Faith    .   A - +0 leather armour {rC+}
rPois    ∞         Spirit   .   (no helmet)
rElec    .         Reflect  .   p - +0 cloak
rCorr    .         Harm     .   n - +0 pair of gloves
MR       +....                  (no boots)
Stlth    ++........             (no amulet)
HPRegen  0.21/turn              e - +3 ring of intelligence
MPRegen  0.23/turn              g - ring of magical power (curse)

@: no status effects
A: no food or potions, fire vulnerability, cold resistance 1, negative energy
resistance 3, torment resistance, unbreathing
a: Potion Petition, Call Merchant, Bribe Branch, Renounce Religion


You were on level 9 of the Dungeon.
You worshipped Gozag.
Gozag was pleased with you.
You were not hungry.

You visited 2 branches of the dungeon, and saw 10 of its levels.

You collected 973 gold pieces.
You paid 98 gold pieces to Gozag.

Inventory:

Hand Weapons
 s - a +1 short sword of freezing (weapon)
Armour
 a - a +0 buckler
 n - a +0 pair of gloves (worn)
 p - a +0 cloak (worn)
 u - a scarf of cloud immunity
 x - a +0 shield
 A - a +0 leather armour of cold resistance (worn)
Jewellery
 e - a +3 ring of intelligence (left hand)
 g - a cursed ring of magical power (right hand)
 h - an uncursed ring of resist corrosion
 k - an uncursed ring of see invisible
 q - a +4 ring of dexterity
Wands
 j - a wand of acid (4)
 o - a wand of polymorph (7)
 t - a wand of disintegration (11)
 v - a wand of digging (2)
 w - a wand of flame (11)
 y - a wand of paralysis (10)
Scrolls
 b - a scroll of blinking {unknown}
 c - 14 scrolls of identify {unknown}
 d - 3 scrolls of enchant armour {unknown}
 f - 4 scrolls of remove curse {unknown}
 i - 2 scrolls of magic mapping {unknown}
 l - a scroll of enchant weapon {unknown}
 m - a scroll of teleportation {unknown}
 r - 2 scrolls of fog {unknown}
 z - a scroll of acquirement {unknown}


   Skills:
 - Level 2.0 Fighting
 - Level 5.2 Short Blades
 - Level 2.9 Dodging
 + Level 2.1 Stealth
 + Level 1.5 Shields
 + Level 9.5 Spellcasting
 - Level 1.1 Conjurations
 + Level 4.8 Hexes
 - Level 2.0 Summonings
 - Level 3.5 Necromancy
 - Level 3.9 Air Magic
 + Level 6.7 Poison Magic


You had 10 spell levels left.
You knew the following spells:

 Your Spells              Type           Power        Failure   Level  Hunger
a - Sting                 Conj/Pois      ####         1%          1    N/A
b - Poisonous Vapours     Pois/Air       ####..       1%          2    N/A
c - Mephitic Cloud        Conj/Pois/Air  ####....     4%          3    N/A
d - Olgreb's Toxic Radia  Pois           #####...     5%          4    N/A
e - Vampiric Draining     Necr           ###.......   6%          3    N/A
f - Call Imp              Summ           ###.....     6%          2    N/A
g - Confuse               Hex            ####....     3%          3    N/A

Your spell library contained the following spells:

 Spells                   Type           Power        Failure   Level  Hunger
 Animate Skeleton         Necr           N/A          1%          1    N/A
 Corona                   Hex            ####...      1%          1    N/A
 Pain                     Necr           ###.         1%          1    N/A
 Slow                     Hex            ####....     1%          2    N/A
 Tukima's Dance           Hex            ####....     3%          3    N/A
 Ensorcelled Hibernation  Hex/Ice        ###...       4%          2    N/A
 Magic Dart               Conj           ##..         5%          1    N/A
 Dazzling Spray           Conj/Hex       ###...       8%          3    N/A
 Searing Ray              Conj           ##....       9%          2    N/A
 Blink                    Tloc           N/A          13%         2    N/A
 Conjure Flame            Conj/Fire      ##......     21%         3    N/A
 Animate Dead             Necr           N/A          21%         4    N/A
 Fulminant Prism          Conj/Hex       ###.......   26%         4    N/A
 Venom Bolt               Conj/Pois      ####......   43%         5    N/A
 Iskenderun's Mystic Bla  Conj           ##......     47%         4    N/A
 Force Lance              Conj/Tloc      ##......     56%         4    N/A
 Regeneration             Chrm/Necr      Unusable     N/A         3    N/A

Dungeon Overview and Level Annotations

Branches:
Dungeon (9/15)             Temple (1/1) D:7            Lair (0/6) D:9
    Orc: D:9-12

Altars:
Ashenzari
Dithmenos
Elyvilon
Fedhas
Gozag
Hepliaklqana
Kikubaaqudgha
Makhleb
Nemelex Xobeh
Okawaru
Ru
Sif Muna
Trog
Vehumet
Wu Jian
Xom
Zin
The Shining One

Shops:
D:7 [

Annotations:
D:5 2 transporters, Snarg's ghost, novice OpEE
D:8 1 runed translucent door, asss's ghost, novice HOMo


Innate Abilities, Weirdness & Mutations

You do not eat or drink.
Your flesh is vulnerable to fire.
You are immune to poison.
Your flesh is cold resistant. (rC+)
You are immune to negative energy. (rN+++)
You are immune to unholy pain and torment.
You can survive without breathing.


Message History

The hound looks even sicker.
Your toxic aura wanes.
You hit the hound. You freeze the hound.
The hound is severely wounded.
The hound bites you but does no damage.
You hit the hound. You freeze the hound.
You kill the hound!
You now have 868 gold pieces (gained 4).
You now have 875 gold pieces (gained 7).
There is a stone staircase leading up here.
There is an open door here.
A two-headed ogre, an ogre mage and a fire giant come into view.
The fire giant is wielding a +2 great sword of flaming.
The two-headed ogre shouts in stereo!
The fire giant casts a spell at you.
The fireball explodes!
The fireball engulfs you!!!! The fire burns you terribly!
Ouch! That really hurt!
You die...
Your body crumbles into a pile of gold.

##########
#........#
#........#
#........#
#...####@#
#...#.C..#
#########...#.OO.#
........#...#):###
#######.'...#[:
#########


You could see a fire giant, a two-headed ogre and an ogre mage.

Vanquished Creatures
  Pikel (D:9)
  2 hippogriffs
  A yak (D:7)
  Sigmund (D:6)
  Eustachio (D:4)
  A human (D:7)
  3 hogs (D:7)
  A water moccasin (D:7)
  5 porcupines (D:9)
  2 slaves (D:9)
  An ice beast (D:5)
  3 phantoms
  2 necrophages
  A black bear (D:9)
  2 ogres
  6 centaurs
  2 crocodiles (D:9)
  6 bullfrogs
  9 scorpions
  4 wights
  4 howler monkeys
  A bullfrog zombie (D:5)
  2 hounds
  2 centaur zombies
  A jelly (D:8)
  4 orc priests
  3 orc wizards (D:4)
  2 iguanas
  3 worker ants
  A hound zombie (D:8)
  A hound skeleton (D:6)
  A worker ant zombie (D:6)
  A howler monkey zombie (D:7)
  4 gnolls (D:8)
  A howler monkey skeleton (D:9)
  4 adders
  2 shadow imps
  3 oozes
  3 adder skeletons
  3 worms
  4 dart slugs
  2 leopard geckos
  18 orcs
  8 bats
  5 giant cockroaches
  4 goblins
  5 hobgoblins
  16 jackals
  6 kobolds
  4 quokkas
  A ball python (D:1)
  2 frilled lizards
  2 leopard gecko skeletons (D:8)
  A leopard gecko zombie (D:5)
  A quokka skeleton (D:5)
  6 rats
185 creatures vanquished.

Vanquished Creatures (collateral kills)
  Prince Ribbit (D:8)
  5 wights
  A jelly (D:5)
  2 crimson imps
  A quasit (D:6)
  A centaur zombie (D:8)
  A worker ant zombie (D:8)
  A shadow imp (D:6)
  A jackal (D:7)
14 creatures vanquished.

Vanquished Creatures (others)
  A slave (D:9)
  20 fungi (D:9)
  A plant (D:9)
22 creatures vanquished.

Grand Total: 221 creatures vanquished

Notes
Turn   | Place    | Note
-------+----------+-------------------------------------------
     0 | D:1      | willcat the Mummy Venom Mage began the quest for the Orb.
     0 | D:1      | Reached XP level 1. HP: 13/13 MP: 4/4
   244 | D:1      | Reached skill level 1 in Conjurations
   269 | D:1      | Reached skill level 3 in Spellcasting
   281 | D:1      | Reached XP level 2. HP: 19/19 MP: 3/6
   285 | D:1      | Learned a level 2 spell: Poisonous Vapours
  1107 | D:1      | Reached XP level 3. HP: 24/24 MP: 4/7
  1112 | D:1      | Learned a level 3 spell: Mephitic Cloud
  1485 | D:2      | Reached skill level 1 in Air Magic
  1485 | D:2      | Reached XP level 4. HP: 30/30 MP: 3/9
  1678 | D:2      | Learned a level 4 spell: Olgreb's Toxic Radiance
  1776 | D:2      | Reached skill level 4 in Spellcasting
  2432 | D:3      | Reached XP level 5. HP: 22/35 MP: 11/11
  2586 | D:3      | Found a shattered altar of Ashenzari.
  3437 | D:4      | Learned a level 3 spell: Vampiric Draining
  3492 | D:4      | Reached skill level 5 in Spellcasting
  3492 | D:4      | Reached XP level 6. HP: 41/41 MP: 13/13
  3889 | D:4      | Noticed Eustachio
  3907 | D:4      | Killed Eustachio
  3907 | D:4      | Reached skill level 1 in Necromancy
  4292 | D:5      | Entered Level 5 of the Dungeon
  4434 | D:5      | Noticed an ice beast
  4447 | D:5      | Killed an ice beast
  4447 | D:5      | Reached skill level 1 in Fighting
  4447 | D:5      | Reached skill level 1 in Short Blades
  4447 | D:5      | Reached XP level 7. HP: 16/48 MP: 15/15
  4930 | D:5      | HP: 1/48 [bullfrog zombie (4)]
  5415 | D:5      | Found a transporter.
  5451 | D:5      | Noticed Snarg's ghost (novice OpEE)
  5479 | D:5      | Found a transporter.
  6198 | D:5      | Found a bloodstained altar of Trog.
  6274 | D:5      | Found a shimmering altar of Xom.
  6275 | D:5      | Found a burning altar of Makhleb.
  6324 | D:4      | Learned a level 2 spell: Call Imp
  6703 | D:6      | Noticed Sigmund
  6947 | D:6      | Killed Sigmund
  6947 | D:6      | Reached skill level 6 in Spellcasting
  6947 | D:6      | Reached XP level 8. HP: 55/56 MP: 8/17
  7114 | D:6      | Reached skill level 1 in Summonings
  8338 | D:7      | Found a white marble altar of Elyvilon.
  8343 | D:7      | Found a glowing silver altar of Zin.
  8350 | D:7      | Found a shadowy altar of Dithmenos.
  8353 | D:7      | Found an iron altar of Okawaru.
  8366 | D:7      | Found a radiant altar of Vehumet.
  8418 | D:7      | Found a staircase to the Ecumenical Temple.
  8427 | Temple   | Entered the Ecumenical Temple
  8502 | Temple   | Became a worshipper of Gozag Ym Sagoz the Greedy
  8507 | Temple   | Learned a level 3 spell: Confuse
  8636 | D:7      | Found Imosy Sink's Armour Emporium.
  8793 | D:7      | Noticed a hippogriff
  8808 | D:7      | Reached skill level 5 in Poison Magic
  8814 | D:7      | Killed a hippogriff
  8814 | D:7      | Reached skill level 7 in Spellcasting
  8814 | D:7      | Reached skill level 1 in Hexes
  8814 | D:7      | Reached XP level 9. HP: 16/61 MP: 16/19
  9752 | D:7      | Reached skill level 8 in Spellcasting
 10408 | D:8      | Noticed Prince Ribbit
 10418 | D:8      | Killed Prince Ribbit
 11261 | D:8      | Found a runed translucent door.
 11261 | D:8      | Found a shimmering altar of Xom.
 11261 | D:8      | Noticed asss's ghost (novice HOMo)
 11262 | D:8      | Noticed a +0 war axe of chaos
 11324 | D:8      | Reached XP level 10. HP: 39/67 MP: 21/22
 12175 | D:9      | Reached skill level 9 in Spellcasting
 12208 | D:9      | Reached skill level 5 in Short Blades
 12282 | D:9      | Found a staircase to the Lair.
 12371 | D:9      | Noticed Pikel
 12390 | D:9      | Killed Pikel
 12390 | D:9      | Reached skill level 1 in Shields
 13108 | D:9      | Noticed a two-headed ogre
 13108 | D:9      | Noticed a fire giant
 13108 | D:9      | Noticed an ogre mage
 13108 | D:9      | Killed from afar by a fire giant

Levels and vault maps discovered:
D:1:      dpeg_arrival_pits, layout_loops_ring, minivault_4, nrook_campfire,
          hangedman_decor_diamond_cutter
D:2:      layout_basic, first_ration
D:3:      layout_basic, nicolae_ashenzari_panopticon
D:4:      layout_loops_ring, serial_bayou, serial_bayou_shore_b,
          serial_bayou_crossing, serial_bayou_pond_b, serial_bayou_lagoon_b,
          minmay_a_box_with_orc_wizards_in_it, uniq_eustachio
D:5:      kennysheep_six_static_rooms, layout_basic,
          grunt_temple_overflow_champion_of_chaos,
          nicolae_overflow_hidden_temple, gammafunk_ghost_mausoleum
D:6:      layout_gridville, uniq_sigmund
D:7:      layout_basic, minmay_overflow_temple_star_hex,
          minmay_temple_entry_arrows, serial_shops, nicolae_shop_trees,
          grunt_livestock
D:8:      layout_gridville, ebering_ghost_xom, serial_undead, serial_undead_c,
          serial_undead_b, serial_undead_b, serial_undead_f, st_stairs_3,
          uniq_prince_ribbit1
D:9:      minmay_shrinking_squares, layout_loops_cross,
          due_lair_maze_entry_diamond, uniq_pikel
Temple:   oiseaux_autumnal_temple

Skill      XL: |  1  2  3  4  5  6  7  8  9 10 |
---------------+-------------------------------+-----
Conjurations   | 1 |  1.1
Spellcasting   | 3 4 5 6 7 8 9 |  9.5
Air Magic      | 1 2 3 |  3.9
Poison Magic   | 3 4 5 6 |  6.7
Necromancy     | 1 2 3 |  3.5
Dodging        | 2 |  2.9
Fighting       | 1 2 |  2.0
Short Blades   | 1 3 4 5 |  5.2
Summonings     | 2 |  2.0
Hexes          | 1 3 4 |  4.8
Shields        | 1 |  1.5
Stealth        | 2 |  2.1

Action                   |  1- 3 |  4- 6 |  7- 9 | 10-12 || total
-------------------------+-------+-------+-------+-------++-------
Melee: Dagger            |    70 |   115 |   106 |       ||   291
       Unarmed           |     3 |       |       |       ||     3
       Short sword       |       |       |   196 |   103 ||   299
 Cast: Sting             |    22 |    19 |    12 |       ||    53
       Poisonous Vapours |     8 |    15 |     4 |     1 ||    28
       Olgreb's Toxic Ra |       |    26 |    51 |    25 ||   102
       Call Imp          |       |       |    58 |       ||    58
       Mephitic Cloud    |       |       |     3 |     1 ||     4
       Confuse           |       |       |    18 |     6 ||    24
Evoke: Wand              |       |     1 |     9 |       ||    10
 Stab: Sleeping          |     2 |     1 |     1 |     1 ||     5
       Distracted        |       |       |     3 |       ||     3
       Confused          |       |       |     7 |     6 ||    13
Armor: Robe              |    18 |    15 |    54 |     9 ||    96
       Leather armour    |       |       |       |     6 ||     6
Dodge: Dodged            |    57 |    82 |   205 |    57 ||   401
